 Dungeon Crawl Stone Soup version 0.30.1-9-gdf580d7c3d (webtiles) character file.

Game seed: 7091902862655547023

9944 STONEBUILDER the Cleaver (level 11, -16/124 (153) HPs)
             Began as a Minotaur Berserker on Oct 11, 2023.
             Was a High Priest of Trog.
             Killed from afar by Josephine (22 damage)
             ... with a ghostly fireball
             ... on level 11 of the Dungeon.
             The game lasted 00:11:53 (8095 turns).

STONEBUILDER the Cleaver (Minotaur Berserker)       Turns: 8095, Time: 00:11:54

HP:   -16/124 (153) AC: 13    Str: 27    XL:     11   Next: 29%
MP:   10/10         EV:  9    Int:  4    God:    Trog [*****.]
Gold: 503           SH: 13    Dex:  9    Spells: 10/10 levels left

rFire   . . .        s - +0 war axe
rCold   . . .        B - +0 tower shield
rNeg    . . .        w - +3 chain mail
rPois   .            (helmet restricted)
rElec   .            (no cloak)
rCorr   .            (no gloves)
SInv    +            (no boots)
Will    +++..        j - amulet of regeneration Stlth
                     g - ring of see invisible
HPRegen 2.20/turn    y - ring of willpower
MPRegen 0.12/turn

%: no passive effects
@: berserking (expiring), strong-willed, regenerating, slowed, heavily drained
A: horns 2, retaliatory headbutt
a: Renounce Religion, Berserk, Trog's Hand, Brothers in Arms


You were on level 11 of the Dungeon.
You worshipped Trog.
Trog was extremely pleased with you.
You visited 1 branch of the dungeon, and saw 11 of its levels.

You collected 651 gold pieces.
You spent 148 gold pieces at shops.

Inventory:

Hand Weapons
 s - a +0 war axe (weapon)
Armour
 w - a +3 chain mail (worn)
 x - a +0 plate armour
 B - a +0 tower shield (worn)
Jewellery
 g - a ring of see invisible (left hand)
 j - an amulet of regeneration (around neck)
 y - a ring of willpower (right hand)
Wands
 b - a wand of acid (2)
 q - a wand of roots (5)
 A - a wand of flame (10)
Scrolls
 c - 2 scrolls of butterflies
 d - 6 scrolls of teleportation
 e - 2 scrolls of magic mapping
 k - a scroll of enchant armour
 n - 2 scrolls of fear
 t - a scroll of enchant weapon
 v - 2 scrolls of immolation
Potions
 a - 2 potions of curing
 f - 3 potions of attraction
 h - 7 potions of brilliance
 i - 3 potions of heal wounds
 l - a potion of magic {unknown}
 o - a potion of mutation {unknown}
 p - 2 potions of resistance {unknown}
 r - a potion of ambrosia {unknown}
 u - a potion of flight {unknown}
 z - 2 potions of degeneration {unknown}


   Skills:
 * Level 11.5 Fighting
 * Level 11.8 Axes
 + Level 7.7 Armour
 + Level 7.0 Dodging
 + Level 6.8 Shields
 + Level 5.3 Evocations


You had 10 spell levels left.
You didn't know any spells.
Your spell library was empty.

Dungeon Overview and Level Annotations

Branches:
Dungeon (11/15)            Temple (0/1) D:7
   Lair: D:8-11         Orc: D:9-12

Altars:
Sif Muna
The Shining One

Shops:
D:3 *   D:7 :   D:10 :*   D:11 =

Annotations:
D:11 Josephine


Innate Abilities, Weirdness & Mutations

You have a pair of horns on your head.
You reflexively headbutt those who attack you in melee.


Message History

You are too injured to fight recklessly!
You are too injured to fight recklessly!
Unknown command.
You are too injured to fight recklessly!
You barely miss Josephine. You headbutt Josephine!
Josephine is lightly wounded.
You completely miss the wraith. Josephine hits you with a +0 dagger!
The wraith hits you! The wraith drains your vigour!
You feel as though you will be slow longer.
You closely miss Josephine. Your headbutt misses Josephine.
Josephine is lightly wounded.
You closely miss the wraith. You block Josephine's attack. The wraith hits you!
The wraith drains your vigour!
You feel as though you will be slow longer.
Unknown command.
You slash Josephine!
Josephine is moderately wounded.
You barely miss the wraith. Josephine barely misses you. The wraith hits you!
* * * LOW HITPOINT WARNING * * *
The wraith drains your vigour!
You feel as though you will be slow longer.
Josephine hits you but does no damage.
A troll comes into view.
You closely miss Josephine. Your headbutt misses Josephine.
Josephine is moderately wounded.
You hit the wraith but do no damage.
Josephine points at you and mumbles some strange words.
The ghostly flame explodes!
The ghostly fireball engulfs you!!!
You feel drained.
* * * LOW HITPOINT WARNING * * *
The ghostly fireball engulfs the wraith.
The wraith completely resists.
The ghostly fireball engulfs Josephine.
Josephine completely resists.
You block the wraith's attack.
You slash Josephine!
Josephine is moderately wounded.
You slash the wraith!
Josephine gestures at you while chanting.
The ghostly flame explodes!
The ghostly fireball engulfs you!!
You feel drained.
You die...

#...........#....
#...........#.....
#[..........# #..#
#......[...##.#..#
#.#..............#
#.#.####...###..#
#.#.# ###.## ..#
....######..##..#
......T....W@..#
... ###......#@##
.........>W..
...............
###.....#........
#..∩###........
#... ........ #$..
........


You could see Josephine (empowered), a troll and 2 wraiths.

Vanquished Creatures
  Snorg (D:10)
  A two-headed ogre (D:10)
  Sonja (D:10)
  Amaemon (D:8)
  Nergalle (D:11)
  A cyclops (D:11)
  Maggie (D:10)
  An orange demon (D:8)
  Psyche (D:8)
  A komodo dragon (D:10)
  A troll (D:9)
  A hornet (D:7)
  3 wraiths
  2 wyverns
  5 yaks (D:10)
  A steam dragon (D:10)
  2 vampire mosquitoes (D:11)
  An acid dragon (D:10)
  3 water moccasins
  2 orc warriors
  An ice beast (D:7)
  A black bear (D:5)
  4 kobold brigands
  Blork the orc (D:6)
  A bullfrog (D:9)
  3 gnoll sergeants
  A scorpion (D:7)
  14 killer bees
  A howler monkey (D:8)
  An orc priest (D:10)
  3 hounds
  6 jellies
  3 gnoll boudas
  Jessica (D:2)
  5 iguanas
  A sleepcap (D:4)
  10 orc wizards
  7 adders
  22 gnolls
  3 shadow imps
  2 white imps
  2 ufetubi
  4 worms
  2 dart slugs
  20 orcs
  7 bats
  10 endoplasms
  4 giant cockroaches
  10 goblins
  9 hobgoblins
  19 kobolds
  6 quokkas
  5 ball pythons
  4 frilled lizards
  6 rats
230 creatures vanquished.

Notes
Turn   | Place    | Note
-------+----------+-------------------------------------------
     0 | D:1      | STONEBUILDER the Minotaur Berserker began the quest for the
                  | Orb.
     0 | D:1      | Reached XP level 1. HP: 19/19 MP: 0/0
    97 | D:1      | Reached XP level 2. HP: 10/27 MP: 1/1
   430 | D:1      | Reached XP level 3. HP: 29/34 MP: 2/2
  1015 | D:2      | Reached ** piety under Trog
  1231 | D:2      | Noticed Jessica
  1238 | D:2      | Killed Jessica
  1239 | D:2      | Reached skill level 5 in Fighting
  1239 | D:2      | Reached skill level 5 in Axes
  1239 | D:2      | Reached XP level 4. HP: 13/42 MP: 3/3
  1550 | D:3      | Found Dutouw's General Store.
  1845 | D:3      | Reached XP level 5. HP: 48/48 MP: 4/4
  1932 | D:3      | Bought a scroll of identify for 22 gold pieces
  1932 | D:3      | Bought a scroll of enchant weapon for 82 gold pieces
  2313 | D:3      | Bought a scroll of butterflies for 44 gold pieces
  2401 | D:4      | Reached *** piety under Trog
  2523 | D:4      | Reached skill level 1 in Evocations
  2624 | D:5      | Entered Level 5 of the Dungeon
  2660 | D:4      | Reached XP level 6. HP: 49/57 MP: 5/5
  2815 | D:4      | Identified the +10 spear of Ichoxzoi {spect, rCorr Int+3}
  3191 | D:5      | Reached XP level 7. HP: 61/63 MP: 6/6
  3198 | D:5      | Reached skill level 1 in Shields
  3786 | D:6      | Noticed Blork the orc
  3795 | D:6      | Killed Blork the orc
  3897 | D:6      | Reached **** piety under Trog
  3938 | D:6      | Found a glowing golden altar of the Shining One.
  4189 | D:7      | Reached XP level 8. HP: 73/73 MP: 7/7
  4234 | D:7      | Found a staircase to the Ecumenical Temple.
  4594 | D:7      | Noticed a hornet
  4600 | D:7      | Killed a hornet
  4690 | D:7      | Found Ifiusof's Book Shop.
  4700 | D:7      | Reached skill level 5 in Armour
  5213 | D:8      | You fall into a shaft and drop 2 floors!
  5213 | D:10     | Entered Level 10 of the Dungeon
  5284 | D:10     | Reached XP level 9. HP: 40/81 MP: 8/8
  5290 | D:10     | Reached skill level 5 in Dodging
  5370 | D:10     | Found Itourarch's Book Shoppe.
  5370 | D:10     | Noticed Maggie
  5382 | D:10     | Killed Maggie
  5720 | D:8      | Reached ***** piety under Trog
  5767 | D:8      | Noticed Psyche
  5779 | D:8      | Killed Psyche
  5780 | D:8      | Reached skill level 5 in Shields
  5829 | D:8      | Reached skill level 10 in Axes
  6044 | D:8      | Noticed Amaemon
  6044 | D:8      | Noticed an orange demon
  6061 | D:8      | Killed Amaemon
  6062 | D:8      | Reached XP level 10. HP: 82/93 MP: 9/9
  6067 | D:8      | Killed an orange demon
  6068 | D:8      | Reached skill level 10 in Fighting
  6526 | D:9      | Found a shimmering blue altar of Sif Muna.
  6980 | D:10     | Noticed a two-headed ogre
  6989 | D:10     | Killed a two-headed ogre
  7127 | D:10     | Noticed Snorg
  7129 | D:10     | Found Xugaw's Elemental Accessories.
  7139 | D:10     | Killed Snorg
  7140 | D:10     | Reached skill level 5 in Evocations
  7443 | D:10     | Noticed Sonja
  7461 | D:10     | Killed Sonja
  7462 | D:10     | Reached XP level 11. HP: 32/102 MP: 10/10
  7935 | D:11     | Noticed Nergalle
  7954 | D:11     | Killed Nergalle
  8079 | D:11     | Found Qubukhleh's Jewellery Shoppe.
  8082 | D:11     | Noticed Josephine
  8094 | D:11     | HP: 3/130 [Josephine/ghostly fireball (38)]
  8095 | D:11     | Killed from afar by Josephine

Illustrated notes

Levels and vault maps discovered:
D:1:      dpeg_arrival_simpleton_b, layout_basic
D:2:      layout_rooms, kennysheep_jessica_study
D:3:      layout_rooms, serial_shops, nicolae_square_shop
D:4:      layout_cave_pools
D:5:      layout_rooms
D:6:      layout_basic, nicolae_tso_carved_into_rock, serial_corexii_hall,
          corexii_hall_statues_i, corexii_hall_statues_t,
          corexii_hall_statues_i, uniq_blork_the_orc
D:7:      layout_gridville, lemuel_temple_firewalk_a, serial_shops, shop,
          chequers_hall_statues_corner_a
D:8:      layout_loops_ring, serial_bayou_pond_e, sigmund_army, uniq_psyche,
          uniq_amaemon
D:9:      layout_roguey, mainiacjoe_overflow_small_starburst
D:10:     minmay_flawed_box, layout_loops_corners, serial_shops, shop,
          nicolae_elemental_shop, uniq_maggie, uniq_sonja, uniq_snorg
D:11:     layout_basic, dpeg_lair_monsters, serial_shops, shop, minivault_21,
          uniq_josephine, uniq_maurice, uniq_nergalle

Skill      XL: |  1  2  3  4  5  6  7  8  9 10 11 |
---------------+----------------------------------+-----
Fighting       | 4 5 6 7 8 9 11 | 11.5
Axes           | 4 5 6 7 8 10 11 | 11.8
Armour         | 3 4 5 6 7 |  7.7
Evocations     | 1 2 3 4 5 |  5.3
Dodging        | 3 4 5 6 7 |  7.0
Shields        | 2 3 5 6 |  6.8

Action                     |  1- 3 |  4- 6 |  7- 9 | 10-12 || total
---------------------------+-------+-------+-------+-------++-------
  Melee: Hand axe          |    77 |    89 |       |       ||   166
         Headbutt          |     7 |    25 |    36 |    37 ||   105
         Punch             |       |     2 |       |       ||     2
         War axe           |       |    41 |   252 |   178 ||   471
 Invoke: Berserk           |     2 |     1 |     4 |     3 ||    10
         Trog's Hand       |       |       |     1 |     2 ||     3
  Evoke: Wand              |       |       |       |     3 ||     3
    Use: Scroll            |       |     7 |     5 |       ||    12
         Potion            |       |       |       |     1 ||     1
 Armour: Animal skin       |     9 |       |       |       ||     9
         Chain mail        |    15 |    73 |    59 |    86 ||   233
         Plate armour      |       |       |    55 |       ||    55
  Dodge: Dodged            |    31 |    75 |    88 |    82 ||   276
  Block: Kite shield       |       |     1 |    99 |    94 ||   194
         Tower shield      |       |       |       |     7 ||     7
